[Event "elllobregat Open-A 2019"]
[Site "El Prat de Llobregat"]
[Date "2019.12.03"]
[Round "1.13"]
[White "Del Rio De Angelis, Salvador G."]
[Black "Lever, Erwan"]
[Result "1-0"]
[ECO "D80"]
[WhiteElo "2507"]
[BlackElo "2258"]
[Annotator "ChessBase"]
[PlyCount "53"]
[EventDate "2019.12.03"]
[EventType "swiss"]
[EventCountry "ESP"]
[SourceTitle "playchess.com"]
[Source "ChessBase"]
[SourceQuality "1"]
[TimeControl "40/5400+30:1800+30"]

1. d4 Nf6 2. c4 g6 3. Nc3 d5 4. Bg5 Bg7 5. Bxf6 Bxf6 6. cxd5 Bg7 7. Nf3 c6 8. dxc6 Nxc6 9. e3 O-O 10. Be2 Qb6 11. Qd2 e5 12. d5 Rd8 13. O-O Ne7 14. e4 Bd7 15. Qc2 Rac8 16. Rad1 Rc5 17. Nd2 Nc8 18. Nc4 Qc7 19. d6 Qc6 20. Nd5 Be6 21. b4 Rxd5 22. exd5 Bxd5 23. b5 Qc5 24. Rc1 Bh6 25. Ne3 Qxd6 26. Nxd5 Bxc1 27. Rxc1 1-0

[Event "elllobregat Open-A 2019"]
[Site "El Prat de Llobregat"]
[Date "2019.12.03"]
[Round "1.15"]
[White "Munoz, Miguel"]
[Black "Dushyant Sharma"]
[Result "1/2-1/2"]
[ECO "C22"]
[WhiteElo "2498"]
[BlackElo "2247"]
[Annotator "ChessBase"]
[PlyCount "50"]
[EventDate "2019.12.03"]
[EventType "swiss"]
[EventCountry "ESP"]
[SourceTitle "playchess.com"]
[Source "ChessBase"]
[SourceQuality "1"]
[TimeControl "40/5400+30:1800+30"]

1. e4 e5 2. d4 exd4 3. Qxd4 Nc6 4. Qe3 Nf6 5. Bd2 Bb4 6. c3 Be7 7. c4 O-O 8. Nc3 Ng4 9. Qe2 d5 10. O-O-O Nd4 11. Qe1 dxe4 12. h3 Nf6 13. Be3 c5 14. Nge2 Nxe2+ 15. Qxe2 Qa5 16. g4 Be6 17. Bd2 Qa6 18. g5 Ne8 19. Qxe4 Nd6 20. Qc2 Bf5 21. Qb3 Be6 22. Qc2 Bf5 23. Qb3 Be6 24. Qc2 Bf5 25. Qb3 Be6 1/2-1/2

[Event "elllobregat Open-A 2019"]
[Site "El Prat de Llobregat"]
[Date "2019.12.04"]
[Round "2.4"]
[White "Alonso Rosell, Alvar"]
[Black "Rathanvel, V S"]
[Result "1-0"]
[ECO "D85"]
[WhiteElo "2548"]
[BlackElo "2410"]
[Annotator "ChessBase"]
[PlyCount "55"]
[EventDate "2019.12.03"]
[EventType "swiss"]
[EventCountry "ESP"]
[SourceTitle "playchess.com"]
[Source "ChessBase"]
[SourceQuality "1"]
[TimeControl "40/5400+30:1800+30"]

1. d4 Nf6 2. c4 g6 3. Nc3 d5 4. cxd5 Nxd5 5. e4 Nxc3 6. bxc3 Bg7 7. Be3 c5 8. Qd2 Qa5 9. Rc1 O-O 10. Nf3 Nd7 11. Bd3 e5 12. d5 f5 13. Qc2 fxe4 14. Bxe4 Nf6 15. O-O Nxe4 16. Qxe4 Qxa2 17. c4 Bf5 18. Qh4 e4 19. Ng5 h6 20. Ne6 g5 21. Qh5 Bxe6 22. dxe6 b6 23. h4 gxh4 24. Rfd1 Qb2 25. e7 Rfe8 26. Qd5+ Kh8 27. Qxa8 Rxa8 28. Rd8+ 1-0

[Event "elllobregat Open-A 2019"]
[Site "El Prat de Llobregat"]
[Date "2019.12.04"]
[Round "2.5"]
[White "Gukesh D"]
[Black "Moksh Amit Doshi"]
[Result "1-0"]
[ECO "A06"]
[WhiteElo "2547"]
[BlackElo "2399"]
[Annotator "ChessBase"]
[PlyCount "63"]
[EventDate "2019.12.03"]
[EventType "swiss"]
[EventCountry "ESP"]
[SourceTitle "playchess.com"]
[Source "ChessBase"]
[SourceQuality "1"]
[TimeControl "40/5400+30:1800+30"]

1. Nf3 d5 2. e3 Nf6 3. c4 e6 4. Nc3 dxc4 5. Bxc4 a6 6. a4 b6 7. e4 Bb7 8. e5 Nd5 9. d4 c5 10. Bxd5 Bxd5 11. Bg5 Qd7 12. Nxd5 exd5 13. a5 b5 14. dxc5 Bxc5 15. Rc1 Bb4+ 16. Bd2 Bxd2+ 17. Qxd2 Nc6 18. Rc5 Ne7 19. O-O O-O 20. Rfc1 Rac8 21. Nd4 Rxc5 22. Rxc5 Rc8 23. Qc3 Kf8 24. f4 Ke8 25. Rxc8+ Nxc8 26. Qc6 Na7 27. Qa8+ Ke7 28. Kf1 b4 29. Qxa7 Qxa7 30. Nc6+ Kd7 31. Nxa7 Kc7 32. f5 1-0

[Event "elllobregat Open-A 2019"]
[Site "El Prat de Llobregat"]
[Date "2019.12.04"]
[Round "2.6"]
[White "Erigaisi Arjun"]
[Black "Mendonca, Leon Luke"]
[Result "1-0"]
[ECO "A47"]
[WhiteElo "2544"]
[BlackElo "2398"]
[Annotator "ChessBase"]
[PlyCount "121"]
[EventDate "2019.12.03"]
[EventType "swiss"]
[EventCountry "ESP"]
[SourceTitle "playchess.com"]
[Source "ChessBase"]
[SourceQuality "1"]
[TimeControl "40/5400+30:1800+30"]

1. d4 Nf6 2. Nf3 b6 3. Bg5 Ne4 4. Bh4 Bb7 5. Nbd2 g6 6. Nxe4 Bxe4 7. Nd2 Bb7 8. e4 Bg7 9. c3 O-O 10. Bd3 c5 11. d5 d6 12. O-O Ba6 13. Qe2 Bxd3 14. Qxd3 Nd7 15. f4 Bf6 16. Bg3 Qc7 17. Rae1 b5 18. Qxb5 Rab8 19. Qc6 Qxc6 20. dxc6 Nb6 21. e5 dxe5 22. fxe5 Bg7 23. e6 Rbc8 24. exf7+ Rxf7 25. Rxf7 Kxf7 26. c7 e5 27. Bxe5 Bxe5 28. Rxe5 Rxc7 29. Kf2 Na4 30. Nc4 Kf6 31. Re3 Nb6 32. Re4 h5 33. Ke2 Rd7 34. Ne3 Rd8 35. h3 Rd7 36. g4 Rh7 37. Kf3 Rh8 38. a4 a5 39. h4 hxg4+ 40. Nxg4+ Kf7 41. Ne5+ Kf6 42. Kg4 Rd8 43. Nxg6 Rd2 44. Kh5 Rxb2 45. Kh6 Nd5 46. h5 Rh2 47. c4 Nc3 48. Rf4+ Ke6 49. Rf3 Ne4 50. Kg7 Nd6 51. Rf6+ Kd7 52. Nf8+ Kc7 53. Ne6+ Kc6 54. Nf4 Kd7 55. Kg8 Ne4 56. Re6 Ng3 57. h6 Nh5 58. Re2 Rxe2 59. Nxe2 Ke6 60. Nc3 Kf5 61. Nd5 1-0

[Event "elllobregat Open-A 2019"]
[Site "El Prat de Llobregat"]
[Date "2019.12.04"]
[Round "2.7"]
[White "Baenziger, Fabian"]
[Black "Harsha Bharathakoti"]
[Result "1/2-1/2"]
[ECO "D30"]
[WhiteElo "2398"]
[BlackElo "2523"]
[Annotator "ChessBase"]
[PlyCount "60"]
[EventDate "2019.12.03"]
[EventType "swiss"]
[EventCountry "ESP"]
[SourceTitle "playchess.com"]
[Source "ChessBase"]
[SourceQuality "1"]
[TimeControl "40/5400+30:1800+30"]

1. d4 d5 2. c4 e6 3. Nf3 Nf6 4. g3 Bb4+ 5. Bd2 Be7 6. Bg2 O-O 7. O-O Nbd7 8. Qc2 Ne4 9. Nc3 Nxd2 10. Nxd2 c6 11. e4 dxe4 12. Ndxe4 f5 13. Nd2 e5 14. dxe5 Nxe5 15. Rad1 Qc7 16. Nf3 Nxf3+ 17. Bxf3 Bf6 18. Rfe1 Bd7 19. Na4 Rae8 20. Nc5 Bc8 21. Nd3 g6 22. Kg2 Qf7 23. Rxe8 Rxe8 24. Nf4 Qe7 25. h4 Rd8 26. Rxd8+ Qxd8 27. b4 Qd4 28. b5 Bd7 29. bxc6 bxc6 30. Qa4 Qc5 1/2-1/2

[Event "elllobregat Open-A 2019"]
[Site "El Prat de Llobregat"]
[Date "2019.12.04"]
[Round "2.8"]
[White "Raja Rithvik R"]
[Black "Narciso Dublan, Marc"]
[Result "1-0"]
[ECO "D12"]
[WhiteElo "2381"]
[BlackElo "2516"]
[Annotator "ChessBase"]
[PlyCount "67"]
[EventDate "2019.12.03"]
[EventType "swiss"]
[EventCountry "ESP"]
[SourceTitle "playchess.com"]
[Source "ChessBase"]
[SourceQuality "1"]
[TimeControl "40/5400+30:1800+30"]

1. Nf3 d5 2. d4 Nf6 3. c4 c6 4. e3 Bf5 5. Nc3 e6 6. Nh4 Bg6 7. Be2 Nbd7 8. O-O Bd6 9. g3 Qe7 10. Qb3 Rb8 11. Re1 Ne4 12. Kg2 Nxc3 13. Nxg6 hxg6 14. bxc3 f5 15. cxd5 exd5 16. c4 Nf6 17. cxd5 cxd5 18. Bf3 Rd8 19. h4 f4 20. e4 Bb4 21. Ba3 Bxa3 22. exd5 Bd6 23. Rxe7+ Kxe7 24. Re1+ Kf7 25. Qxb7+ Rd7 26. Qc6 fxg3 27. fxg3 Rhd8 28. Re2 Rc7 29. Qa6 Rdd7 30. g4 Ng8 31. g5 Ne7 32. Bg4 Nf5 33. Bxf5 gxf5 34. g6+ {[%emt 0:00:02] Ke8} 1-0

[Event "elllobregat Open-A 2019"]
[Site "El Prat de Llobregat"]
[Date "2019.12.04"]
[Round "2.9"]
[White "Arizmendi Martinez, Julen Luis"]
[Black "Krishna Teja, N."]
[Result "1-0"]
[ECO "C95"]
[WhiteElo "2511"]
[BlackElo "2383"]
[Annotator "ChessBase"]
[PlyCount "123"]
[EventDate "2019.12.03"]
[EventType "swiss"]
[EventCountry "ESP"]
[SourceTitle "playchess.com"]
[Source "ChessBase"]
[SourceQuality "1"]
[TimeControl "40/5400+30:1800+30"]

1. e4 e5 2. Nf3 Nc6 3. Bb5 a6 4. Ba4 Nf6 5. O-O b5 6. Bb3 Be7 7. Re1 d6 8. c3 O-O 9. h3 Nb8 10. d4 Nbd7 11. c4 c6 12. Qc2 h6 13. Nc3 Re8 14. Ne2 Bf8 15. Ng3 c5 16. dxe5 Nxe5 17. Nxe5 dxe5 18. Be3 Qc7 19. Rac1 b4 20. Ba4 Rd8 21. Rcd1 Be6 22. b3 Nd7 23. Bxd7 Rxd7 24. Rxd7 Bxd7 25. Nf5 a5 26. Bc1 a4 27. Bb2 a3 28. Bc1 Bxf5 29. exf5 Rd8 30. Be3 Qc6 31. Rd1 Rxd1+ 32. Qxd1 Be7 33. Qd3 e4 34. Qd2 Qf6 35. Qd7 h5 36. g3 h4 37. Qe8+ Kh7 38. g4 Qd6 39. Kg2 f6 40. Qg6+ Kg8 41. Qe8+ Kh7 42. Qf7 Kh8 43. Qe6 Qxe6 44. fxe6 g6 45. f3 f5 46. fxe4 fxg4 47. hxg4 Kg7 48. g5 Bd6 49. Kh3 Kf8 50. e5 Be7 51. Kxh4 Ke8 52. Kg4 Kd8 53. Kf3 Kc7 54. Ke4 Kc6 55. Bf4 Bf8 56. e7 Bxe7 57. e6 Bd8 58. Ke5 Be7 59. Be3 Bd8 60. e7 Bxe7 61. Ke6 Bd8 62. Kf7 {[%emt 0:01:19] Kd5} 1-0

[Event "elllobregat Open-A 2019"]
[Site "El Prat de Llobregat"]
[Date "2019.12.04"]
[Round "2.10"]
[White "Sankalp Gupta"]
[Black "Del Rio De Angelis, Salvador G."]
[Result "1/2-1/2"]
[ECO "C08"]
[WhiteElo "2365"]
[BlackElo "2507"]
[Annotator "ChessBase"]
[PlyCount "55"]
[EventDate "2019.12.03"]
[EventType "swiss"]
[EventCountry "ESP"]
[SourceTitle "playchess.com"]
[Source "ChessBase"]
[SourceQuality "1"]
[TimeControl "40/5400+30:1800+30"]

1. d4 e6 2. e4 d5 3. Nd2 c5 4. exd5 exd5 5. Ngf3 a6 6. Qe2+ Be7 7. dxc5 Nf6 8. Nb3 O-O 9. Be3 a5 10. a4 Re8 11. Qd1 Ng4 12. Bb5 Nxe3 13. fxe3 Nc6 14. O-O Bf6 15. Nfd4 Bd7 16. Qf3 Re5 17. c3 Qe7 18. Rae1 h5 19. h3 h4 20. Re2 Re8 21. Rfe1 Bg5 22. Kh1 Bh6 23. Kh2 g6 24. Kh1 Bg7 25. Bd3 Rg5 26. Bb5 Re5 27. Bd3 Rg5 28. Bb5 1/2-1/2

[Event "elllobregat Open-A 2019"]
[Site "El Prat de Llobregat"]
[Date "2019.12.04"]
[Round "2.11"]
[White "Girish, A. Koushik"]
[Black "Minero Pineda, Sergio"]
[Result "1/2-1/2"]
[ECO "E11"]
[WhiteElo "2506"]
[BlackElo "2381"]
[Annotator "ChessBase"]
[PlyCount "69"]
[EventDate "2019.12.03"]
[EventType "swiss"]
[EventCountry "ESP"]
[SourceTitle "playchess.com"]
[Source "ChessBase"]
[SourceQuality "1"]
[TimeControl "40/5400+30:1800+30"]

1. d4 Nf6 2. c4 e6 3. Nf3 Bb4+ 4. Nbd2 O-O 5. a3 Be7 6. e4 d6 7. Bd3 Nbd7 8. O-O c5 9. b4 cxd4 10. Nxd4 a6 11. Bb2 Qc7 12. Rc1 b6 13. Qe2 Bb7 14. f4 Rfe8 15. Nxe6 fxe6 16. e5 Kh8 17. exf6 Bxf6 18. Nf3 Bxb2 19. Qxb2 Bxf3 20. Rxf3 e5 21. Be4 Rad8 22. fxe5 Rxe5 23. Rf7 Rf8 24. Rcf1 Rxf7 25. Rxf7 Qd8 26. h3 Nf6 27. Bf3 Qe8 28. Ra7 Re1+ 29. Kh2 Qe3 30. Ra8+ Ne8 31. Bc6 Qg1+ 32. Kg3 Qe3+ 33. Kh2 Qg1+ 34. Kg3 Qe3+ 35. Kh2 1/2-1/2

[Event "elllobregat Open-A 2019"]
[Site "El Prat de Llobregat"]
[Date "2019.12.04"]
[Round "2.12"]
[White "Sidhant, Mohapatra"]
[Black "Asis Gargatagli, Hipolito"]
[Result "1/2-1/2"]
[ECO "B13"]
[WhiteElo "2338"]
[BlackElo "2497"]
[Annotator "ChessBase"]
[PlyCount "40"]
[EventDate "2019.12.03"]
[EventType "swiss"]
[EventCountry "ESP"]
[SourceTitle "playchess.com"]
[Source "ChessBase"]
[SourceQuality "1"]
[TimeControl "40/5400+30:1800+30"]

1. e4 c6 2. d4 d5 3. exd5 cxd5 4. c4 Nf6 5. Nc3 Nc6 6. Bg5 Be6 7. Be2 Qa5 8. Bf3 O-O-O 9. Bxf6 exf6 10. cxd5 Bxd5 11. Bxd5 Rxd5 12. Nge2 Rd7 13. O-O Bd6 14. d5 Ne7 15. a3 Kb8 16. b4 Qa6 17. Qb3 Rc8 18. Rfd1 f5 19. Rac1 Rdd8 20. g3 h5 1/2-1/2

[Event "elllobregat Open-A 2019"]
[Site "El Prat de Llobregat"]
[Date "2019.12.04"]
[Round "2.14"]
[White "Divya Deshmukh"]
[Black "Zanan, Evgeny"]
[Result "0-1"]
[ECO "C92"]
[WhiteElo "2332"]
[BlackElo "2493"]
[Annotator "ChessBase"]
[PlyCount "128"]
[EventDate "2019.12.03"]
[EventType "swiss"]
[EventCountry "ESP"]
[SourceTitle "playchess.com"]
[Source "ChessBase"]
[SourceQuality "1"]
[TimeControl "40/5400+30:1800+30"]

1. e4 e5 2. Nf3 Nc6 3. Bb5 a6 4. Ba4 Nf6 5. O-O Be7 6. Re1 b5 7. Bb3 d6 8. c3 O-O 9. h3 Bb7 10. d4 Re8 11. Ng5 Rf8 12. Nf3 h6 13. Nbd2 Re8 14. Nf1 Bf8 15. Ng3 Na5 16. Bc2 Nc4 17. b3 Nb6 18. Ba3 a5 19. Qd2 c5 20. dxe5 dxe5 21. Qxd8 Raxd8 22. Rad1 Rc8 23. Rd2 b4 24. cxb4 c4 25. Rdd1 axb4 26. Bc1 c3 27. Be3 Nbd7 28. Bd3 Nc5 29. Bxc5 Bxc5 30. Bc4 g6 31. Re2 Ra8 32. Ne1 Ba6 33. Bxa6 Rxa6 34. Kf1 h5 35. h4 Rea8 36. Nd3 Rd6 37. Rc2 Rad8 38. Ke2 Ng4 39. Nf1 f5 40. Rcc1 Rxd3 41. Rxd3 Rxd3 42. Kxd3 Nxf2+ 43. Kc2 Nxe4 44. Nh2 Nf2 45. Nf3 Ng4 46. a4 e4 47. Ng5 Ne3+ 48. Kb1 Nxg2 49. Ne6 Bb6 50. Rc2 Nxh4 51. Ra2 Nf3 52. a5 Ba7 53. Rg2 Kf7 54. Nd8+ Kf6 55. Nc6 Bc5 56. a6 h4 57. Nxb4 h3 58. Rg3 h2 59. Rh3 g5 60. Nd5+ Ke5 61. b4 Bf2 62. Ne7 g4 63. Nc6+ Kf4 64. a7 Bxa7 0-1

[Event "elllobregat Open-A 2019"]
[Site "El Prat de Llobregat"]
[Date "2019.12.04"]
[Round "2.15"]
[White "Erenberg, Ariel"]
[Black "Jerez Perez, Alfonso"]
[Result "1/2-1/2"]
[ECO "A05"]
[WhiteElo "2479"]
[BlackElo "2369"]
[Annotator "ChessBase"]
[PlyCount "102"]
[EventDate "2019.12.03"]
[EventType "swiss"]
[EventCountry "ESP"]
[SourceTitle "playchess.com"]
[Source "ChessBase"]
[SourceQuality "1"]
[TimeControl "40/5400+30:1800+30"]

1. Nf3 Nf6 2. c4 g6 3. Nc3 d5 4. cxd5 Nxd5 5. h4 h6 6. e4 Nb6 7. d4 Bg7 8. Be3 Bg4 9. Be2 O-O 10. Qd2 h5 11. O-O-O Nc6 12. d5 Na5 13. Bd4 Nac4 14. Bxc4 Nxc4 15. Qd3 e5 16. dxe6 Bxe6 17. Ng5 Qxd4 18. Qxd4 Bxd4 19. Rxd4 c5 20. Rd3 Ne5 21. Rd6 c4 22. f3 Rfd8 23. Rxd8+ Rxd8 24. Nxe6 fxe6 25. Rd1 Nd3+ 26. Kb1 b5 27. Ne2 Kf7 28. Nf4 Rd7 29. Nxd3 cxd3 30. e5 g5 31. hxg5 Kg6 32. f4 Kf5 33. g3 Ke4 34. g6 Rg7 35. Re1+ Kd4 36. Kc1 Rxg6 37. f5 Rxg3 38. fxe6 Rg6 39. e7 Re6 40. Kd2 Rxe7 41. e6 a6 42. Re3 Kd5 43. Rh3 Rxe6 44. Rxh5+ Kd4 45. Rh4+ Re4 46. Rh2 a5 47. Rf2 a4 48. Rh2 b4 49. Rf2 a3 50. bxa3 bxa3 51. Rh2 Re2+ 1/2-1/2

[Event "elllobregat Open-A 2019"]
[Site "El Prat de Llobregat"]
[Date "2019.12.04"]
[Round "2.16"]
[White "Karthik Venkataraman"]
[Black "Verstraeten, Rein"]
[Result "0-1"]
[ECO "B90"]
[WhiteElo "2470"]
[BlackElo "2365"]
[Annotator "ChessBase"]
[PlyCount "82"]
[EventDate "2019.12.03"]
[EventType "swiss"]
[EventCountry "ESP"]
[SourceTitle "playchess.com"]
[Source "ChessBase"]
[SourceQuality "1"]
[TimeControl "40/5400+30:1800+30"]

1. Nc3 c5 2. Nf3 a6 3. e4 d6 4. d4 cxd4 5. Nxd4 Nf6 6. Bd3 e5 7. Nde2 Be7 8. O-O O-O 9. Ng3 b5 10. f4 Nbd7 11. Nf5 Bb7 12. Qf3 b4 13. Ne2 d5 14. exd5 Bc5+ 15. Kh1 e4 16. Bxe4 Nxe4 17. Qxe4 Nf6 18. Qd3 Bxd5 19. Be3 Qc7 20. Neg3 Rfd8 21. Qe2 Re8 22. Qd2 Rad8 23. Bxc5 Qxc5 24. Rad1 g6 25. Nd4 Ng4 26. Rfe1 Rxe1+ 27. Rxe1 Bxg2+ 28. Qxg2 Qxd4 29. Qf3 Nf6 30. c3 bxc3 31. Qxc3 Qxc3 32. bxc3 Rd2 33. Re2 Rd1+ 34. Kg2 Rc1 35. Rd2 Rxc3 36. f5 Kg7 37. Ne2 Ra3 38. Ng3 g5 39. Ne2 Ra5 40. Ng3 h5 41. Rf2 h4 0-1

[Event "elllobregat Open-A 2019"]
[Site "El Prat de Llobregat"]
[Date "2019.12.05"]
[Round "3.3"]
[White "Gagare, Shardul"]
[Black "Alonso Rosell, Alvar"]
[Result "0-1"]
[ECO "A37"]
[WhiteElo "2468"]
[BlackElo "2548"]
[Annotator "ChessBase"]
[PlyCount "76"]
[EventDate "2019.12.03"]
[EventType "swiss"]
[EventCountry "ESP"]
[SourceTitle "playchess.com"]
[Source "ChessBase"]
[SourceQuality "1"]
[TimeControl "40/5400+30:1800+30"]

1. Nf3 c5 2. c4 Nc6 3. g3 g6 4. Bg2 Bg7 5. Nc3 e5 6. O-O d6 7. a3 Nge7 8. Rb1 O-O 9. d3 a5 10. Ne1 Be6 11. Nc2 d5 12. cxd5 Nxd5 13. Ne3 Nde7 14. Nc4 Rb8 15. Bg5 f6 16. Be3 b6 17. Qa4 Nd4 18. Bxd4 exd4 19. Nb5 Nd5 20. Qd1 Qd7 21. a4 f5 22. Qd2 f4 23. Ncd6 h5 24. Ne4 Bh6 25. Qc2 fxg3 26. hxg3 h4 27. Na3 hxg3 28. Nc4 gxf2+ 29. Rxf2 Ne3 30. Nxe3 Bxe3 31. Rbf1 g5 32. Bh1 Bd5 33. Bf3 g4 34. Kh1 Bxf2 35. Rxf2 gxf3 36. exf3 Qh3+ 37. Kg1 Bxe4 38. Rg2+ Kh8 0-1

[Event "elllobregat Open-A 2019"]
[Site "El Prat de Llobregat"]
[Date "2019.12.05"]
[Round "3.4"]
[White "Kjartansson, Gudmundur"]
[Black "Gukesh D"]
[Result "1-0"]
[ECO "B46"]
[WhiteElo "2448"]
[BlackElo "2547"]
[Annotator "ChessBase"]
[PlyCount "61"]
[EventDate "2019.12.03"]
[EventType "swiss"]
[EventCountry "ESP"]
[SourceTitle "playchess.com"]
[Source "ChessBase"]
[SourceQuality "1"]
[TimeControl "40/5400+30:1800+30"]

1. e4 c5 2. Nf3 Nc6 3. d4 cxd4 4. Nxd4 e6 5. Nc3 a6 6. Nxc6 bxc6 7. Bd3 e5 8. O-O Bc5 9. Kh1 Nf6 10. f4 d6 11. Qe1 Ng4 12. h3 h5 13. fxe5 Nxe5 14. Qg3 Bg4 15. Be3 h4 16. Qf2 Bxe3 17. Qxe3 Be6 18. Ne2 O-O 19. Nd4 Qe7 20. Nf3 a5 21. Qd4 c5 22. Qc3 Nxf3 23. Rxf3 Rfb8 24. b3 f6 25. Raf1 Bf7 26. Qe1 c4 27. bxc4 Rc8 28. Qxh4 Bxc4 29. e5 Bxd3 30. exf6 Rc4 31. fxe7 1-0

[Event "elllobregat Open-A 2019"]
[Site "El Prat de Llobregat"]
[Date "2019.12.05"]
[Round "3.5"]
[White "Low, Zhen Yu Cyrus"]
[Black "Erigaisi Arjun"]
[Result "0-1"]
[ECO "C55"]
[WhiteElo "2420"]
[BlackElo "2544"]
[Annotator "ChessBase"]
[PlyCount "86"]
[EventDate "2019.12.03"]
[EventType "swiss"]
[EventCountry "ESP"]
[SourceTitle "playchess.com"]
[Source "ChessBase"]
[SourceQuality "1"]
[TimeControl "40/5400+30:1800+30"]

1. e4 e5 2. Nf3 Nc6 3. Bc4 Nf6 4. d3 h6 5. O-O d6 6. a4 g5 7. Re1 Bg7 8. c3 O-O 9. h4 gxh4 10. Nxh4 Bg4 11. Nf3 Nh7 12. Na3 Kh8 13. Nc2 f5 14. Be6 Bxf3 15. gxf3 fxe4 16. fxe4 Qh4 17. Bf5 Bf6 18. Qf3 Ne7 19. Ne3 Rg8+ 20. Kf1 Ng5 21. Qg4 Nxf5 22. exf5 Nh3 23. Qxh4 Bxh4 24. Nd1 Kh7 25. Ke2 Ng1+ 26. Kf1 Nf3 27. Re4 Raf8 28. Ne3 d5 29. Nxd5 Rxf5 30. Ke2 Rg1 31. d4 Re1+ 32. Kd3 exd4 33. Rxe1 Nxe1+ 34. Ke4 Rxf2 35. Bf4 c6 36. Nb4 dxc3 37. bxc3 a5 38. Rxe1 Rxf4+ 39. Kxf4 Bxe1 40. Na2 h5 41. c4 Kg6 42. Ke4 Bd2 43. Kd3 h4 0-1

[Event "elllobregat Open-A 2019"]
[Site "El Prat de Llobregat"]
[Date "2019.12.05"]
[Round "3.6"]
[White "Raja Rithvik R"]
[Black "Arizmendi Martinez, Julen Luis"]
[Result "1/2-1/2"]
[ECO "A56"]
[WhiteElo "2381"]
[BlackElo "2511"]
[Annotator "ChessBase"]
[PlyCount "41"]
[EventDate "2019.12.03"]
[EventType "swiss"]
[EventCountry "ESP"]
[SourceTitle "playchess.com"]
[Source "ChessBase"]
[SourceQuality "1"]
[TimeControl "40/5400+30:1800+30"]

1. d4 Nf6 2. c4 c5 3. d5 g6 4. Nc3 Bg7 5. e4 d6 6. Bd3 O-O 7. h3 e6 8. Nf3 Na6 9. O-O Nc7 10. Re1 Rb8 11. dxe6 Nxe6 12. Be3 a6 13. Qd2 b5 14. cxb5 axb5 15. Nxb5 Nxe4 16. Bxe4 Rxb5 17. Rab1 c4 18. Nd4 Bxd4 19. Bxd4 d5 20. Bc2 Nxd4 21. Qxd4 1/2-1/2

[Event "elllobregat Open-A 2019"]
[Site "El Prat de Llobregat"]
[Date "2019.12.05"]
[Round "3.10"]
[White "Puranik, Abhimanyu"]
[Black "Mascaro March, Pedro"]
[Result "1-0"]
[ECO "B19"]
[WhiteElo "2580"]
[BlackElo "2381"]
[Annotator "ChessBase"]
[PlyCount "51"]
[EventDate "2019.12.03"]
[EventType "swiss"]
[EventCountry "ESP"]
[SourceTitle "playchess.com"]
[Source "ChessBase"]
[SourceQuality "1"]
[TimeControl "40/5400+30:1800+30"]

1. e4 c6 2. d4 d5 3. Nd2 dxe4 4. Nxe4 Bf5 5. Ng3 Bg6 6. h4 h6 7. Nf3 Nd7 8. h5 Bh7 9. Bd3 Bxd3 10. Qxd3 e6 11. Bd2 Ngf6 12. O-O-O Qc7 13. Ne4 O-O-O 14. g3 Nxe4 15. Qxe4 Nf6 16. Qe2 Bd6 17. c4 c5 18. Bc3 Rhe8 19. Kb1 Qc6 20. Rh4 Qc7 21. Rc1 Kb8 22. dxc5 Qxc5 23. Ne5 Qc7 24. c5 Bf8 25. c6 b6 26. Nxf7 1-0

[Event "elllobregat Open-A 2019"]
[Site "El Prat de Llobregat"]
[Date "2019.12.05"]
[Round "3.11"]
[White "Harsha Bharathakoti"]
[Black "Sankalp Gupta"]
[Result "1/2-1/2"]
[ECO "B34"]
[WhiteElo "2523"]
[BlackElo "2365"]
[Annotator "ChessBase"]
[PlyCount "21"]
[EventDate "2019.12.03"]
[EventType "swiss"]
[EventCountry "ESP"]
[SourceTitle "playchess.com"]
[Source "ChessBase"]
[SourceQuality "1"]
[TimeControl "40/5400+30:1800+30"]

1. e4 c5 2. Nf3 Nc6 3. Nc3 g6 4. d4 cxd4 5. Nxd4 Bg7 6. Be3 Nf6 7. f3 O-O 8. Qd2 d5 9. O-O-O Nxd4 10. Bxd4 dxe4 11. Nxe4 1/2-1/2

[Event "elllobregat Open-A 2019"]
[Site "El Prat de Llobregat"]
[Date "2019.12.05"]
[Round "3.12"]
[White "Minero Pineda, Sergio"]
[Black "Sosa, Tomas"]
[Result "0-1"]
[ECO "A61"]
[WhiteElo "2381"]
[BlackElo "2520"]
[Annotator "ChessBase"]
[PlyCount "112"]
[EventDate "2019.12.03"]
[EventType "swiss"]
[EventCountry "ESP"]
[SourceTitle "playchess.com"]
[Source "ChessBase"]
[SourceQuality "1"]
[TimeControl "40/5400+30:1800+30"]

1. d4 Nf6 2. c4 e6 3. Nf3 c5 4. d5 exd5 5. cxd5 d6 6. Nc3 g6 7. h3 Bg7 8. e4 O-O 9. Bd3 Na6 10. O-O Nc7 11. a4 a6 12. Bf4 Rb8 13. Bh2 Re8 14. Re1 b5 15. e5 dxe5 16. Nxe5 Bb7 17. axb5 Nfxd5 18. Bc4 axb5 19. Nxb5 Nxb5 20. Bxb5 Re6 21. Nc6 Bxc6 22. Bxc6 Rxc6 23. Bxb8 Bxb2 24. Ra8 Bd4 25. Qa4 Rc8 26. Qa7 Nb6 27. Bc7 Bxf2+ 28. Kxf2 Qd4+ 29. Kf1 Nxa8 30. Be5 Qc4+ 31. Kg1 Re8 32. Qa1 Nb6 33. Rc1 Qa4 34. Qc3 Nd5 35. Qg3 Qe4 36. Re1 Qf5 37. Ba1 Rxe1+ 38. Qxe1 Qd7 39. Qa5 Qc8 40. Qd2 Qc6 41. Qb2 f6 42. Qb8+ Kg7 43. Qa7+ Qc7 44. Qa8 Qd7 45. Qa6 Qe7 46. Kh2 Qc7+ 47. Kh1 c4 48. Qe6 Qb7 49. Qe1 Qc6 50. Bc3 Qc5 51. Bd2 c3 52. Bc1 Qd4 53. Ba3 c2 54. Qa5 Qa1+ 55. Kh2 c1=Q 56. Qa7+ Qc7+ 0-1

[Event "elllobregat Open-A 2019"]
[Site "El Prat de Llobregat"]
[Date "2019.12.05"]
[Round "3.13"]
[White "Del Rio De Angelis, Salvador G."]
[Black "Pigeat, Alexandre"]
[Result "1-0"]
[ECO "D11"]
[WhiteElo "2507"]
[BlackElo "2357"]
[Annotator "ChessBase"]
[PlyCount "71"]
[EventDate "2019.12.03"]
[EventType "swiss"]
[EventCountry "ESP"]
[SourceTitle "playchess.com"]
[Source "ChessBase"]
[SourceQuality "1"]
[TimeControl "40/5400+30:1800+30"]

1. d4 d5 2. c4 c6 3. Nf3 Nf6 4. g3 Bf5 5. Nc3 Nbd7 6. Nh4 Be6 7. Bg2 g6 8. O-O Bg7 9. f4 dxc4 10. e4 Nb6 11. e5 Nfd5 12. Ne4 Qc8 13. f5 gxf5 14. Nc5 f4 15. gxf4 Bg4 16. Qe1 Nd7 17. Ne4 Qc7 18. Qg3 f5 19. Nf2 Bf8 20. Nxg4 Rg8 21. Nxf5 h5 22. Qh4 O-O-O 23. Nge3 N7b6 24. Nxd5 Nxd5 25. Kh1 Nb4 26. Qh3 Kb8 27. Qc3 e6 28. Nd6 Qg7 29. Rg1 Bxd6 30. exd6 Nd5 31. Qxc4 Rxd6 32. Bd2 Nf6 33. Qe2 Ng4 34. Bc3 Qf6 35. Bf3 Qh4 36. Bxg4 1-0